 Dungeon Crawl Stone Soup version 0.29.1-12-g30fa7ad0bf (webtiles) character file.

Game seed: 7880917764998667197

53 concernfroge the Trooper (level 3, -7/31 HPs)
             Began as a Mummy Monk on Dec 18, 2022.
             Splashed by a jelly's acid (11 damage)
             ... on level 2 of the Dungeon.
             The game lasted 00:03:08 (2015 turns).

concernfroge the Trooper (Mummy Monk)               Turns: 2015, Time: 00:03:09

Health: -7/31      AC:  0    Str: 16    XL:     3   Next: 64%
Magic:  3/3        EV: 12    Int:  9    God:
Gold:   65         SH:  0    Dex: 14    Spells: 2/2 levels left

rFire   x . .      SeeInvis .   a - +1 spear
rCold   + . .      Faith    .   (no shield)
rNeg    + + +      Spirit   .   f - +1 leather armour
rPois   ∞          Reflect  .   (no helmet)
rElec   .          Harm     .   (no cloak)
rCorr   .          Rampage  .   (no gloves)
Will    .....                   (no boots)
Stlth   ++........              (no amulet)
HPRegen 0.10/turn               (no ring)
MPRegen 0.08/turn               (no ring)

@: corroded
A: cold resistance 1, negative energy resistance 3, torment resistance 2, heat
vulnerability 1, in touch with death 1, no potions
a: no special abilities


You were on level 2 of the Dungeon.
You visited 1 branch of the dungeon, and saw 2 of its levels.

You collected 83 gold pieces.
You spent 18 gold pieces at shops.

Inventory:

Hand Weapons
 a - a +1 spear (weapon)
Missiles
 d - 23 stones (quivered)
Armour
 f - a +1 leather armour (worn)


   Skills:
 + Level 4.7 Fighting
 - Level 2.4 Polearms
 - Level 2.4 Dodging
 - Level 1.5 Stealth


You had 2 spell levels left.
You didn't know any spells.
Your spell library was empty.

Dungeon Overview and Level Annotations

Branches:
Dungeon (2/15)

Altars:

Shops:
D:2 (*


Innate Abilities, Weirdness & Mutations

You are immune to poison.
Your flesh is cold resistant. (rC+)
You are immune to negative energy. (rN+++)
You are immune to unholy pain and torment.
You are vulnerable to heat. (rF-)
You are in touch with the powers of death.
You do not drink.


Message History

A jelly is nearby!
As you read the scroll labelled WIYDOWKOTZI, it crumbles to dust.
It is a scroll of identify.
e - a scroll of enchant armour
As you read the scroll of identify, it crumbles to dust.
g - a scroll of enchant weapon
As you read the scroll labelled RIDITT TITUG, it crumbles to dust.
Wisps of shadow whirl around you...
It was a scroll of summoning.
You reach to attack!
You hit the jelly.
The jelly is lightly wounded.
Your bat hits the jelly.
Your bat is burned by acid!
The jelly barely misses your rat.
Your rat bites the jelly.
The acid corrodes your rat!
Your rat is burned by acid!
Your rat dies!
Your rat's corpse dissolves into shadows!
You reach to attack!
You hit the jelly but do no damage.
The jelly is moderately wounded.
Your bat hits the jelly.
Your bat is burned by acid!
Your bat dies!
Your bat's corpse dissolves into shadows!
Your ball python bites the jelly.
The acid corrodes your ball python!
Your ball python is burned by acid!
Your ball python dies!
Your ball python's corpse dissolves into shadows!
You hit the jelly.
Your hands burn!
The jelly is heavily wounded.
The jelly hits you.
You are splashed with acid!
* * * LOW HITPOINT WARNING * * *
Okay, then.
As you read the scroll of enchant armour, it crumbles to dust.
Your +0 leather armour glows green for a moment.
The jelly barely misses you.
As you read the scroll of enchant weapon, it crumbles to dust.
Your +0 spear glows red for a moment.
The jelly hits you.
* * * LOW HITPOINT WARNING * * *
The acid corrodes you!
You are splashed with acid!
You die...

#J..)..## ########.#
#....+..## #...)####
#.......# #.......#
#.......# #....J..#
##...@)## ##...##
##'''## ########
#.....# #.).....
###.##########.##....
#.............÷##..÷.
#..[...........##....
#..............##....
#..............##....


You could see a jelly.

Vanquished Creatures
  2 adders
  A ball python (D:2)
  3 endoplasms (D:2)
  A giant cockroach (D:1)
  4 goblins (D:1)
  A hobgoblin (D:1)
  2 jackals (D:1)
  10 kobolds
  5 bats
  A frilled lizard (D:1)
30 creatures vanquished.

Vanquished Creatures (others)
  8 fungi (D:2)
  6 toadstools (D:2)
14 creatures vanquished.

Grand Total: 44 creatures vanquished

Notes
Turn   | Place    | Note
-------+----------+-------------------------------------------
     0 | D:1      | concernfroge the Mummy Monk began the quest for the Orb.
     0 | D:1      | Reached XP level 1. HP: 18/18 MP: 1/1
   218 | D:1      | Found a faded altar of an unknown god.
   394 | D:1      | Reached XP level 2. HP: 24/24 MP: 2/2
  1475 | D:2      | Found Gumeahus's General Store.
  1478 | D:2      | Bought 4 stones for 4 gold pieces
  1478 | D:2      | Bought 4 stones for 4 gold pieces
  1478 | D:2      | Bought 5 stones for 5 gold pieces
  1478 | D:2      | Bought 5 stones for 5 gold pieces
  1480 | D:2      | Found Ophian's Antique Weapon Shoppe.
  1505 | D:1      | Reached skill level 4 in Fighting
  1638 | D:2      | Gained mutation: You are in touch with the powers of death.
                  | [Mummy growth]
  1638 | D:2      | Reached XP level 3. HP: 30/30 MP: 3/3
  2015 | D:2      | Splashed by a jelly's acid

Illustrated notes

Levels and vault maps discovered:
D:1:      wheals_arrival_linesprint, layout_basic,
          hellmonk_ecumenical_altar_inner_sanctum, nrook_mini_backslash
D:2:      cheibrodos_fertilizer, layout_basic, serial_shops, shop_statue,
          shop_fountains, nicolae_shop_stone, nicolae_diamond_shop

Skill      XL: |  1  2 |
---------------+-------+-----
Fighting       | 4 |  4.7
Polearms       | |  2.4
Dodging        | |  2.4
Stealth        | |  1.5

Action                   || total
-------------------------++-------
Melee: Spear             ||   156
       Punch             ||     1
Throw: Stone             ||    13
  Use: Scroll            ||     6
 Stab: Sleeping          ||     2
Armor: Robe              ||    15
       Leather armour    ||    16
Dodge: Dodged            ||    76
